AoeStats
← zombiekiller7

Arena

510895626Analyzed
2v2 RM · 12h ago on Oct 3, 2026· 49m 50s· 4 players
Game mode
Random Map
Map size
Medium (4 player)
Population
200
Speed
Normal
Resources
Standard
Victory
Conquest
Starting age
Dark Age
Ending age
Imperial Age
RankedLock teamsTeams togetherTeam positionsShared explorationLock speedFull tech treeHidden civsTurbo modeCheats
Victory
Defeat
🇺🇸 Danes · United States
967
+14
🇨🇳 Teutons · China
935
+16
🇹🇷 Goths · Türkiye
994
-18
🇬🇧 Khmer · United Kingdom
865
-12
leancig
10:49 Feudal Age
16:30 Castle Age
15:37 Double-Bit Axe
15:33 Horse Collar
18:00 Man-at-Arms
19:05 Gambesons
19:47 Scale Mail Armor
21:10 Long Swordsman
24:46 Bow Saw
27:23 Chain Mail Armor
28:59 Arson
31:19 Wheelbarrow
32:57 Squires
34:04 Forging
39:02 Imperial Age
39:03 Hamask
39:23 Two-Handed Swordsman
39:40 Capped Ram
41:35 Champion
44:07 Iron Casting
46:39 Siege Ram
49:43 Plate Mail Armor
50:14 Blast Furnace
48:59 Northmen's Fury
都美竹
10:45 Feudal Age
11:12 Double-Bit Axe
11:08 Horse Collar
17:05 Castle Age
18:52 Bow Saw
19:44 Gold Mining
19:46 Stone Mining
22:08 Heavy Plow
21:58 Loom
22:48 Wheelbarrow
24:39 Fletching
28:30 Stone Shaft Mining
33:19 Imperial Age
32:04 Masonry
32:15 Forging
34:08 Iron Casting
33:35 Scale Mail Armor
34:33 Conscription
34:53 Bloodlines
35:39 Crop Rotation
36:11 Two-Man Saw
35:23 Cavalier
37:10 Scale Barding Armor
37:21 Chain Mail Armor
37:49 Conscription
41:23 Hand Cart
41:48 Paladin
49:47 Blast Furnace
Dad16456
9:49 Feudal Age
11:07 Wheelbarrow
10:20 Double-Bit Axe
16:57 Castle Age
18:17 Hand Cart
17:48 Loom
21:30 Bow Saw
23:30 Light Cavalry
24:31 Husbandry
25:32 Bloodlines
32:56 Imperial Age
46:57 Hussar
zombiekiller7
0:29 Loom
10:51 Feudal Age
15:23 Castle Age
17:54 Horse Collar
21:09 Double-Bit Axe
30:11 Imperial Age
30:50 Anarchy
31:26 Forging
38:01 Pikeman
40:53 Perfusion
45:50 Gold Mining
46:47 Iron Casting
47:41 Conscription
49:28 Blast Furnace
Connection lost

Rejoining the realm…

Still unreachable

The connection could not be restored.

Session expired

The server has moved on; the page needs a fresh start.